 Dungeon Crawl Stone Soup version 0.29-a0-887-gcbe080d7e0 (webtiles) character file.

Game seed: 13812678536139988669

427 magipi the Chopper (level 6, -2/52 HPs)
             Began as a Minotaur Gladiator on July 21, 2022.
             Slain by a gnoll
             ... wielding a +0 halberd
             ... led by a gnoll sergeant
              (11 damage)
             ... on level 4 of the Dungeon.
             The game lasted 00:06:28 (2546 turns).

magipi the Chopper (Minotaur Gladiator)             Turns: 2546, Time: 00:06:28

Health: -2/52      AC:  5    Str: 21    XL:     6   Next: 65%
Magic:  5/5        EV: 12    Int:  5    God:
Gold:   187        SH:  0    Dex: 11    Spells: 5/5 levels left

rFire   . . .      SeeInvis .   a - +0 war axe
rCold   . . .      Faith    .   (no shield)
rNeg    . . .      Spirit   .   g - +0 ring mail
rPois   .          Reflect  .   c - +0 hat
rElec   .          Harm     .   (no cloak)
rCorr   .          Rampage  .   (no gloves)
Will    .....                   (no boots)
Stlth   +.........              (no amulet)
HPRegen 0.17/turn               (no ring)
MPRegen 0.09/turn               (no ring)

@: no status effects
A: horns 2, retaliatory headbutt
a: no special abilities


You were on level 4 of the Dungeon.
You visited 1 branch of the dungeon, and saw 4 of its levels.

You collected 187 gold pieces.

Inventory:

Hand Weapons
 a - a +0 war axe (weapon)
Missiles
 d - 2 throwing nets (quivered)
 e - a javelin
 i - 2 poisoned darts
Armour
 c - a +0 hat (worn)
 g - a +0 ring mail (worn)
   (You found it on level 1 of the Dungeon)
Jewellery
 m - a ring of ice
   (You found it on level 2 of the Dungeon)
Potions
 l - 4 potions of flight
 n - a potion of magic
 o - a potion of mutation
 p - a potion of might {unknown}
 q - a potion of berserk rage {unknown}
 r - a potion of curing
 s - a potion of haste {unknown}
 t - a potion of resistance {unknown}


   Skills:
 + Level 4.0 Fighting
 * Level 6.1 Axes
 + Level 3.3 Throwing
 + Level 3.2 Armour
 + Level 4.3 Dodging


You had 5 spell levels left.
You didn't know any spells.
Your spell library contained the following spells:

 Spells                   Type           Power      Damage    Failure   Level
 Necrotise                Necr           0%         1d4       65%         1
 Sting                    Tmut/Pois      0%         1d3       65%         1
 Poisonous Vapours        Pois/Air       0%         N/A       78%         2
 Inner Flame              Hex/Fire       0%         N/A       95%         3
 Vampiric Draining        Necr           0%         2d6       95%         3
 Cause Fear               Hex            0%         N/A       100%        4
 Olgreb's Toxic Radiance  Pois           0%         N/A       100%        4
 Summon Ice Beast         Ice/Summ       0%         N/A       100%        4
 Agony                    Necr           0%         N/A       100%        5
 Summon Mana Viper        Hex/Summ       0%         N/A       100%        5
 Monstrous Menagerie      Summ           0%         N/A       100%        7
 Discord                  Hex            0%         N/A       100%        8


Dungeon Overview and Level Annotations

Branches:
Dungeon (4/15)
 Temple: D:4-7

Altars:
Vehumet

Shops:
D:2 :


Innate Abilities, Weirdness & Mutations

You have a pair of horns on your head.
You reflexively headbutt those who attack you in melee.


Message History

You hit the jackal but do no damage. You headbutt the jackal.
You kill the jackal!
No target in view!
No target in view!
You see here a jackal corpse.
There is a stone staircase leading up here.
You climb upwards.
There is a stone staircase leading down here.
There is a stone staircase leading up here.
There is a stone staircase leading up here.
There is a stone staircase leading down here.
You climb downwards.
You hear the sound of rushing water.
There is an entrance to a sewer on this level.
Hurry and find it before the portal rusts away!
You hear the brisk rusting of a very distant drain.
There is a stone staircase leading up here.
A jelly comes into view.
You barely miss the jelly. The jelly hits you but does no damage.
You slash the jelly!
Your hands burn!
The jelly is almost dead.
The jelly barely misses you. The jelly hits you.
You are splashed with acid!
You hit the jelly but do no damage. The acid corrodes you!
Your hands burn!
The jelly is almost dead.
The jelly barely misses you.
You hit the jelly but do no damage.
Your hands burn!
The jelly is almost dead.
The jelly misses you.
You slash the jelly!
You kill the jelly!
Your Fighting skill increases to level 4!
Your Axes skill increases to level 6!
Unknown command.
You are no longer corroded.
You hear the brisk rusting of a very distant drain.
You hear the brisk rusting of a very distant drain.
HP restored.
Found a stone staircase leading down.
Unknown command.
You open the door.
There is an open door here.
You now have 187 gold pieces (gained 20).
You hear the quick rusting of a very distant drain.
A gnoll comes into view. It is wielding a +4 flail.
The gnoll shouts!
The gnoll hits you with a +4 flail.
You barely miss the gnoll.
A gnoll comes into view. It is wielding a +0 spear.
The gnoll hits you with a +4 flail.
You slash the gnoll!
You kill the gnoll!
The gnoll hits you with a +0 spear.
You see here a +4 flail.
You completely miss the gnoll.
A gnoll comes into view. It is wielding a +0 halberd.
The gnoll closely misses you.
You barely miss the gnoll.
The gnoll shouts!
Your punch misses the gnoll.
You hear a shout!
The gnoll hits you with a +0 spear.
You hear a shout!
You hit the gnoll. You headbutt the gnoll.
The gnoll is moderately wounded.
The gnoll hits you with a +0 spear. The gnoll barely misses you.
You hit the gnoll but do no damage.
The gnoll is moderately wounded.
The gnoll hits you with a +0 spear. The gnoll closely misses you.
A gnoll comes into view. It is wielding a +0 club.
You hit the gnoll but do no damage. You headbutt the gnoll.
The gnoll is heavily wounded.
The gnoll barely misses you. The gnoll closely misses you.
The gnoll barely misses you. You furiously retaliate!
You headbutt the gnoll. The gnoll barely misses you.
A gnoll sergeant comes into view. It is wielding a +0 spear.
You slash the gnoll!
You kill the gnoll!
Unknown command.
An endoplasm comes into view.
The endoplasm quivers.
The gnoll hits you from afar with a +0 halberd.
Things that are here:
a +0 spear; a gnoll corpse You barely miss the gnoll sergeant.
Your punch misses the gnoll sergeant. You barely miss the gnoll.
The gnoll sergeant hits you with a +0 spear.
The gnoll closely misses you. The gnoll hits you with a +0 club.
Unknown command.
You slash the gnoll sergeant!
The gnoll sergeant is moderately wounded.
You barely miss the gnoll.
The gnoll sergeant hits you with a +0 spear!
* * * LOW HITPOINT WARNING * * *
The gnoll closely misses you. The gnoll hits you with a +0 club.
* * * LOW HITPOINT WARNING * * *
You closely miss the gnoll sergeant.
You headbutt the gnoll sergeant, but do no damage.
The gnoll sergeant is moderately wounded.
You barely miss the gnoll.
The gnoll hits you from afar with a +0 halberd!
You die...

###.#.#. #...#.#.#+
#.#.#..... #.#.#.#...
#.#.#.#... #.#.#.#... ##
######.........
##.###......#.#.##..
#.g@).......'.#.##..
......g###......###.##..
#.###g. #......# #.##..
#.. ######## #.##.. #.J
#.##.. #.. #.# .. #..
#.# ... #.


You could see a gnoll sergeant, 2 gnolls and an endoplasm.

Vanquished Creatures
  Sigmund (D:3)
  An ogre (D:3)
  A jelly (D:4)
  5 adders
  2 gnolls (D:4)
  2 dart slugs
  6 worms
  An orc (D:3)
  4 bats
  6 endoplasms
  2 giant cockroaches (D:2)
  5 goblins
  10 hobgoblins
  6 jackals
  4 quokkas
  8 ball pythons
  2 frilled lizards (D:1)
  5 kobolds
  8 rats
79 creatures vanquished.

Notes
Turn   | Place    | Note
-------+----------+-------------------------------------------
     0 | D:1      | magipi the Minotaur Gladiator began the quest for the Orb.
     0 | D:1      | Reached XP level 1. HP: 18/18 MP: 0/0
    63 | D:1      | Found a faded altar of an unknown god.
    64 | D:1      | Noticed an eye of devastation
    66 | D:1      | Noticed an eye of devastation
    66 | D:1      | Noticed a golden eye
    66 | D:1      | Noticed an eye of devastation
   150 | D:1      | Reached XP level 2. HP: 25/25 MP: 1/1
   217 | D:1      | Reached skill level 4 in Axes
   220 | D:1      | Reached skill level 1 in Armour
   428 | D:1      | Reached XP level 3. HP: 28/30 MP: 2/2
   522 | D:2      | Found Muhidwux's Book Boutique.
   729 | D:2      | Reached XP level 4. HP: 35/38 MP: 3/3
  1623 | D:3      | Reached skill level 5 in Axes
  1629 | D:3      | Noticed an ogre
  1650 | D:3      | Killed an ogre
  1651 | D:3      | Reached XP level 5. HP: 44/45 MP: 4/4
  1750 | D:3      | Noticed Sigmund
  1757 | D:3      | Killed Sigmund
  1758 | D:3      | Reached XP level 6. HP: 35/52 MP: 5/5
  1914 | D:3      | Found a radiant altar of Vehumet.
  2388 | D:4      | Reached skill level 6 in Axes
  2546 | D:4      | Slain by a gnoll

Illustrated notes

Levels and vault maps discovered:
D:1:      lemuel_arrival_rhombus, layout_rooms,
          hellmonk_ecumenical_altar_watching_god, st_stairs_4,
          hangedman_abyss_or_decor_stabs, minivault_23
D:2:      layout_basic, serial_shops, nicolae_shop_advertising_works
          [nicolae_subvault_shop_adworks], kennysheep_small_spiral, st_stairs_2,
          minmay_tromino_v4_a
D:3:      layout_loops_ring, lemuel_tele_altar, minmay_checkerbox, uniq_sigmund
D:4:      minmay_chambers_of_twos, layout_basic, mainiacjoe_overflow_24_doors,
          mainiacjoe_overflow_six_doors_small, portal_sewer_entry_d

Skill      XL: |  1  2  3  4  5  6 |
---------------+-------------------+-----
Axes           | 4 5 6 |  6.1
Armour         | 1 2 3 |  3.2
Fighting       | 3 4 |  4.0
Throwing       | 3 |  3.3
Dodging        | 4 |  4.3

Action                   |  1- 3 |  4- 6 || total
-------------------------+-------+-------++-------
Melee: War axe           |    59 |    83 ||   142
       Headbutt          |     5 |    13 ||    18
       Punch             |       |     1 ||     1
Throw: Dart              |       |     2 ||     2
       Throwing net      |       |     2 ||     2
  Use: Scroll            |       |     9 ||     9
Armor: Ring mail         |    28 |    20 ||    48
Dodge: Dodged            |    40 |    44 ||    84

Table legend: (Time is in decaauts)
 A = Elapsed time spent in this place.
 B = Non-inter-level travel time spent in this place.
 C = Inter-level travel time spent in this place.
 D = Time resting spent in this place.
 E = Time spent auto-exploring this place.
 F = Levels seen in this place.
 G = Mean time per level.
                   A        B        C        D        E       F      G
               +--------+--------+--------+--------+--------+-----+--------+
         Total |   2584 |   2461 |    123 |    215 |   1437 |   4 |  646.0 |
       Dungeon |   2584 |   2461 |    123 |    215 |   1437 |   4 |  646.0 |
               +--------+--------+--------+--------+--------+-----+--------+

Top non-repeatable levels by time:
     D:2: 909 daAuts
     D:3: 822 daAuts
     D:1: 488 daAuts
     D:4: 364 daAuts
